 Dungeon Crawl Stone Soup version 0.28-a0-973-ga7f8b01127 (webtiles) character file.

Game seed: 39236781821517156

1926 fragbeetle the Ruffian (level 8, -7/62 HPs)
             Began as a Pale Draconian Transmuter on Dec 1, 2021.
             Was a Follower of Wu Jian.
             Mangled by a boulder beetle (26 damage)
             ... on level 7 of the Dungeon.
             The game lasted 00:37:16 (6100 turns).

fragbeetle the Ruffian (Pale Draconian Transmuter)  Turns: 6100, Time: 00:37:17

Health: -7/62      AC:  2    Str: 14    XL:     8   Next: 96%
Magic:  9/17       EV: 21    Int: 14    God:    Wu Jian [*.....]
Gold:   335        SH:  0    Dex: 17    Spells: 10/19 levels left

rFire   + . .      SeeInvis .     - Unarmed
rCold   x . .      Faith    +   (shield currently unavailable)
rNeg    . . .      Spirit   .   (armour unavailable)
rPois   x          Reflect  .   (helmet currently unavailable)
rElec   .          Harm     .   (cloak currently unavailable)
rCorr   .          Rampage  .   (gloves currently unavailable)
Will    .....                   (boots currently unavailable)
Stlth   ++........              v - amulet of faith
HPRegen 0.20/turn               p - ring of fire
MPRegen 0.15/turn               (no ring)

@: spider-form
A: venomous fangs, (breathe steam), AC +6, tiny, unfitting armour,
(cold-blooded), (steam resistance)
a: End Transformation, Renounce Religion


You were on level 7 of the Dungeon.
You worshipped Wu Jian.
Wu Jian was aware of your devotion.
You were a venomous arachnid creature.
You visited 2 branches of the dungeon, and saw 9 of its levels.
You also visited: Ossuary.

You collected 335 gold pieces.

Inventory:

Hand Weapons
 i - a +0 hunting sling
 r - a +1 vorpal flail
 t - a +2 dagger of venom
Missiles
 d - 229 stones
 j - 5 javelins
 l - 7 poisoned darts
 o - a boomerang
Armour
 u - a +0 cloak
Jewellery
 p - a ring of fire (left front leg)
 v - an amulet of faith (around neck)
Wands
 f - a wand of flame (28)
 q - a wand of iceblast (14)
 y - a wand of charming (15)
Scrolls
 b - 3 scrolls of identify
 e - a scroll of enchant weapon {unknown}
 g - 6 scrolls of teleportation
 h - a scroll of holy word {unknown}
 k - 5 scrolls of noise
 s - a scroll of acquirement {unknown}
 w - a scroll of summoning {unknown}
 z - 2 scrolls of amnesia {unknown}
 A - 2 scrolls of fear {unknown}
 D - a scroll of brand weapon {unknown}
 F - a scroll of blinking {unknown}
 I - a scroll of magic mapping {unknown}
 J - a scroll of vulnerability {unknown}
Potions
 a - 4 potions of ambrosia
 c - 3 potions of heal wounds
 m - 5 potions of curing
 n - a potion of haste {unknown}
 x - 2 potions of attraction
 B - a potion of might {unknown}
 C - 5 potions of degeneration
 E - a potion of cancellation {unknown}
 G - 3 potions of mutation
 H - a potion of magic {unknown}


   Skills:
 + Level 2.7 Fighting
 + Level 4.2 Dodging
 + Level 2.8 Stealth
 + Level 6.7 Unarmed Combat
 + Level 6.0 Spellcasting
 - Level 1.4 Hexes
 + Level 4.8 Transmutations
 + Level 1.0 Evocations


You had 10 spell levels left.
You knew the following spells:

 Your Spells              Type           Power      Damage    Failure   Level
a - Beastly Appendage     Tmut           34%        N/A       9%          1
b - Wereblood             Tmut           17%        N/A       11%         2
c - Slow                  Hex            32%        N/A       22%         1
d - Spider Form           Tmut/Pois      11%        N/A       36%         3
e - Searing Ray           Conj           8%         2d4       43%         2

Your spell library contained the following spells:

 Spells                   Type           Power      Damage    Failure   Level
 Magic Dart               Conj           16%        1d3       34%         1
 Confusing Touch          Hex            8%         N/A       47%         3
 Ice Form                 Ice/Tmut       11%        N/A       71%         4
 Fulminant Prism          Conj/Hex       3%         3d6       89%         4
 Yara's Violent Unravell  Hex/Tmut       6%         3d5       90%         5


Dungeon Overview and Level Annotations

Branches:
Dungeon (8/15)             Temple (1/1) D:4         Ossuary (visited)
   Lair: D:8-11

Altars:
Ashenzari
Dithmenos
Elyvilon
Gozag
Kikubaaqudgha
Makhleb
Okawaru
Qazlal
Ru
Trog
Uskayaw
Wu Jian
Xom
Yredelemnul
Zin
The Shining One

Shops:
D:2 (


Innate Abilities, Weirdness & Mutations

You are a venomous arachnid creature.
You have poisonous fangs.
You are tiny and dextrous.
Your spellcasting is less reliable in this form.
Your armour is entirely melded.
You are incapable of wielding weapons or throwing items.
((You can breathe blasts of scalding, opaque steam.))
((Your pale cyan-grey scales are hard. (AC +6)))
You cannot fit into any form of body armour.
((You are cold-blooded and may be slowed by cold attacks.))
((You are immune to the effects of steam.))


Message History

The searing ray hits the boulder beetle but does no damage.
The boulder beetle is lightly wounded.
The searing ray hits the boulder beetle but does no damage.
The boulder beetle is lightly wounded.
The boulder beetle bites you!
You hit the boulder beetle but do no damage.
The boulder beetle is lightly wounded.
You hit the boulder beetle but do no damage.
You claw the boulder beetle, but do no damage.
You headbutt the boulder beetle!
The boulder beetle is lightly wounded.
The boulder beetle barely misses you.
You hit the boulder beetle but do no damage.
The boulder beetle is lightly wounded.
The boulder beetle bites you!
You hit the boulder beetle but do no damage.
You tail-slap the boulder beetle, but do no damage.
The boulder beetle is lightly wounded.
The boulder beetle leaps!
The boulder beetle waves its antennae.
The boulder beetle curls into a ball and begins rolling!
Your magical contamination has completely faded away.
Casting: Searing Ray (safe; 22% risk of failure)
Confirm with . or Enter, or press ? or * to list all spells.
Your horns disappear.
Your talons disappear.
You turn into a venomous arachnid creature.
You hit the boulder beetle but do no damage.
The boulder beetle is poisoned.
The boulder beetle is lightly wounded.
The boulder beetle hits you!
The boulder beetle stops rolling and uncurls.
You bite the boulder beetle!
The boulder beetle looks as sick as possible!
The boulder beetle is moderately wounded.
The boulder beetle bites you.
You hit the boulder beetle but do no damage.
The boulder beetle looks as sick as possible!
The boulder beetle is moderately wounded.
The boulder beetle bites you!!
You die...

#.##.#
#..#.#######
#.#.......#
#.........#
##........#
...###..#######
#.....>......#
#..##........#
#. #..sB[...# #
#........#
#...$....#
#........#
#........#
##########


You could see a boulder beetle (extremely poisoned).

Vanquished Creatures
  Grinder (D:4)
  A steam dragon (D:8)
  2 water moccasins (D:7)
  A sky beast (D:7)
  An ice beast (D:5)
  An ogre (D:5)
  2 centaurs
  A phantom (D:4)
  2 scorpions
  2 water moccasin skeletons
  A bullfrog zombie (D:6)
  2 centaur zombies
  4 hounds
  2 human zombies (Ossuary)
  A centaur skeleton (D:4)
  6 orc wizards
  Ijyb (D:3)
  3 mummies
  8 adders
  An ufetubus (D:4)
  An adder skeleton (D:4)
  3 worms
  2 dart slugs
  12 orcs
  4 endoplasms
  2 giant cockroaches
  A gnoll zombie (Ossuary)
  5 goblins
  10 hobgoblins
  4 jackals (D:3)
  3 quokkas
  7 ball pythons
  4 bats
  2 frilled lizards
  2 hobgoblin zombies
  10 kobolds
  2 kobold zombies (Ossuary)
  An orc zombie (Ossuary)
  4 rats
122 creatures vanquished.

Vanquished Creatures (others)
  An orc (D:5)
1 creature vanquished.

Grand Total: 123 creatures vanquished

Notes
Turn   | Place    | Note
-------+----------+-------------------------------------------
     0 | D:1      | fragbeetle the Draconian Transmuter began the quest for the
                  | Orb.
     0 | D:1      | Reached XP level 1. HP: 16/16 MP: 3/3
   163 | D:1      | Reached XP level 2. HP: 20/23 MP: 1/5
   168 | D:1      | Learned a level 2 spell: Wereblood
   347 | D:1      | Found a faded altar of an unknown god.
   493 | D:2      | Reached XP level 3. HP: 20/28 MP: 4/6
   661 | D:2      | Found Hohorhoge's Antique Weapon Shop.
   990 | D:3      | Reached XP level 4. HP: 29/35 MP: 4/7
   994 | D:3      | Noticed Ijyb
  1163 | D:3      | Learned a level 1 spell: Slow
  1515 | D:3      | Killed Ijyb
  1516 | D:3      | Reached XP level 5. HP: 14/40 MP: 4/9
  2030 | D:5      | Entered Level 5 of the Dungeon
  2112 | D:5      | Found an opulent altar of Gozag.
  2181 | D:5      | Noticed an ogre
  2207 | D:5      | Killed an ogre
  2208 | D:5      | Reached XP level 6. HP: 42/47 MP: 9/11
  2454 | D:5      | Noticed an ice beast
  2473 | D:5      | Killed an ice beast
  2474 | D:5      | Reached skill level 1 in Stealth
  3334 | D:4      | Learned a level 3 spell: Spider Form
  3357 | D:4      | Reached skill level 5 in Unarmed Combat
  3357 | D:4      | Your scales start taking on a pale cyan-grey colour.
  3357 | D:4      | Reached XP level 7. HP: 49/53 MP: 13/13
  3357 | D:4      | Gained mutation: You are immune to the effects of steam.
                  | [Pale Draconian growth]
  3388 | D:4      | Reached skill level 1 in Hexes
  3402 | D:4      | Learned a level 2 spell: Searing Ray
  3438 | D:4      | Found a staircase to the Ecumenical Temple.
  3472 | Temple   | Entered the Ecumenical Temple
  3500 | Temple   | Became a worshipper of the Wu Jian Council
  3649 | D:4      | Found a basalt altar of Yredelemnul.
  3809 | D:4      | Noticed Grinder
  3821 | D:4      | Killed Grinder
  4260 | D:7      | Reached XP level 8. HP: 19/61 MP: 15/15
  4555 | D:6      | Reached skill level 5 in Spellcasting
  5340 | D:7      | Reached * piety under Wu Jian
  5410 | D:8      | Reached skill level 1 in Evocations
  5430 | D:8      | Found a sand-covered staircase.
  5438 | Ossuary  | Entered an ossuary
  6083 | D:7      | Noticed a boulder beetle
  6100 | D:7      | Mangled by a boulder beetle

Illustrated notes

Levels and vault maps discovered:
D:1:      roderic_crossed_star, layout_rooms, basic_ecumenical_altar
D:2:      layout_basic, serial_shops, shop, minmay_bisected
D:3:      layout_loops_ring, grunt_decor_one_mirror, dk_vineyard_1, uniq_ijyb
D:4:      layout_loops_ring, mainiacjoe_overflow_six_doors_small,
          minmay_temple_entry_trees, uniq_grinder
D:5:      layout_loops_corners, nicolae_gozag_seed_capital, portal_sewer_entry_d
D:6:      layout_loops_ring, minmay_misc_feat_columns
D:7:      layout_basic, chei_slow_surprise
D:8:      layout_basic, lemuel_doored_altar, vehumet_statue,
          nicolae_ossuary_entry_giza, minmay_diced_spiral
Temple:   nicolae_temple_x_marks_the_god

Skill      XL: |  1  2  3  4  5  6  7  8 |
---------------+-------------------------+-----
Dodging        | 2 3 4 |  4.2
Spellcasting   | 3 4 6 |  6.0
Unarmed Combat | 4 5 6 |  6.7
Transmutations | 3 4 |  4.8
Stealth        | 1 2 |  2.8
Hexes          | 1 |  1.4
Fighting       | 2 |  2.7
Evocations     | 1 |  1.0

Action                   |  1- 3 |  4- 6 |  7- 9 || total
-------------------------+-------+-------+-------++-------
Melee: Unarmed           |    81 |   169 |   207 ||   457
       Kick              |    23 |    44 |    49 ||   116
       Headbutt          |     9 |    28 |    24 ||    61
       Tailslap          |     7 |    13 |    25 ||    45
       Punch             |       |     3 |     3 ||     6
 Cast: Beastly Appendage |    22 |    36 |    28 ||    86
       Wereblood         |     1 |     3 |     1 ||     5
       Slow              |       |    13 |     3 ||    16
       Searing Ray       |       |       |     9 ||     9
       Spider Form       |       |       |     3 ||     3
Invok: Lunge             |       |       |     8 ||     8
 Abil: Breathe Steam     |       |       |     1 ||     1
Evoke: Wand              |       |     7 |     4 ||    11
  Use: Scroll            |     1 |     2 |     2 ||     5
       Potion            |       |     2 |     3 ||     5
 Stab: Sleeping          |     1 |       |     4 ||     5
Armor: Skin              |    29 |    34 |    59 ||   122
Dodge: Dodged            |    58 |    80 |   109 ||   247

Table legend: (Time is in decaauts)
 A = Elapsed time spent in this place.
 B = Non-inter-level travel time spent in this place.
 C = Inter-level travel time spent in this place.
 D = Time resting spent in this place.
 E = Time spent auto-exploring this place.
 F = Levels seen in this place.
 G = Mean time per level.
                   A        B        C        D        E       F      G
               +--------+--------+--------+--------+--------+-----+--------+
         Total |   6094 |   6094 |      0 |    419 |   1812 |  10 |  609.4 |
       Dungeon |   5683 |   5683 |      0 |    268 |   1812 |   8 |  710.4 |
        Temple |     38 |     38 |      0 |      0 |      0 |   1 |   38.0 |
       Ossuary |    371 |    371 |      0 |    151 |      0 |   1 |  371.0 |
               +--------+--------+--------+--------+--------+-----+--------+

Top non-repeatable levels by time:
     D:5: 1321 daAuts
     D:6: 1016 daAuts
     D:3: 969 daAuts
     D:4: 801 daAuts
     D:2: 578 daAuts
     D:1: 447 daAuts
     D:7: 446 daAuts
 Ossuary: 371 daAuts
     D:8: 103 daAuts
  Temple: 38 daAuts
